AoeStats
← ERA AI

Nomad

506691058Analyzed
3v3 RM · 17d ago on Sep 14, 2026· 50m 12s· 6 players
Game mode
Random Map
Map size
210×210
Population
200
Speed
Normal
Resources
Standard
Victory
Conquest
Starting age
Dark Age
Ending age
Imperial Age
RankedLock teamsTeams togetherTeam positionsShared explorationLock speedFull tech treeHidden civsTurbo modeCheats
Victory
Defeat
🇨🇱 Sicilians · Chile
1076
+15
🇲🇽 Dravidians · Mexico
1075
+15
🇧🇴 Mongols · Bolivia
1036
+16
🇳🇱 Huns · Netherlands
1089
-17
🇳🇱 Magyars · Netherlands
1039
-15
🇳🇱 Ethiopians · Netherlands
1012
-14
burg_olaf
3:56 Loom
14:41 Feudal Age
18:56 Castle Age
18:56 Fletching
19:06 Padded Archer Armor
23:05 Gold Mining
26:03 Bodkin Arrow
25:55 Horse Collar
26:04 Double-Bit Axe
28:28 Ballistics
28:54 Thumb Ring
31:13 Horse Collar
31:47 Town Watch
33:23 Bow Saw
34:06 Leather Archer Armor
41:43 Wheelbarrow
42:50 Hand Cart
48:02 Imperial Age
47:40 Murder Holes
49:15 Conscription
50:05 Chemistry
49:07 Bracer
ERA AI
15:09 Loom
17:26 Feudal Age
21:54 Castle Age
20:34 Fletching
21:59 Crossbowman
23:33 Bodkin Arrow
fabberlaan
5:43 Loom
13:52 Feudal Age
19:18 Castle Age
20:47 Fletching
25:21 Corvinian Army
31:00 Horse Collar
34:08 Double-Bit Axe
42:06 Scale Barding Armor
43:37 Pikeman
44:45 Heavy Plow
48:38 Imperial Age
48:15 Chain Barding Armor
Quimimoshly06
4:11 Loom
15:56 Feudal Age
16:35 Double-Bit Axe
17:02 Town Watch
18:24 Fishing Lines
24:30 Castle Age
24:55 Fletching
25:06 Padded Archer Armor
29:56 Thumb Ring
31:30 Husbandry
34:47 Wheelbarrow
36:31 Ballistics
38:12 Ballistics
38:11 Leather Archer Armor
37:51 Bodkin Arrow
38:35 Gillnets
39:21 Gold Mining
39:23 Stone Mining
39:45 Bow Saw
45:01 Imperial Age
43:44 Hand Cart
44:03 Forging
43:53 Scale Mail Armor
44:30 Medical Corps
47:24 Chemistry
48:32 Ring Archer Armor
48:57 Conscription
PepoDGrizzly
7:36 Loom
12:46 Feudal Age
13:13 Double-Bit Axe
19:11 Castle Age
18:12 Horse Collar
19:49 Bloodlines
19:47 Scale Barding Armor
24:49 Forging
25:04 Heavy Plow
26:23 Husbandry
28:59 Wheelbarrow
29:45 Gold Mining
30:24 Bow Saw
33:00 Iron Casting
34:27 Stone Mining
35:14 Chain Barding Armor
36:09 Gold Shaft Mining
38:35 First Crusade
38:12 Town Watch
38:46 Scale Mail Armor
39:57 Chain Mail Armor
39:43 Squires
39:29 Arson
47:23 Imperial Age
46:03 Light Cavalry
47:04 Hand Cart
47:37 Cavalier
48:55 Plate Barding Armor
49:21 Blast Furnace
49:10 Hauberk
MonocromaticPhox
4:48 Loom
15:17 Feudal Age
16:18 Horse Collar
16:28 Double-Bit Axe
23:33 Castle Age
22:47 Bloodlines
24:08 Fletching
25:51 Wheelbarrow
24:42 Elite Skirmisher
25:48 Bow Saw
26:16 Bodkin Arrow
28:17 Scale Barding Armor
28:21 Squires
29:33 Padded Archer Armor
32:28 Husbandry
33:36 Stone Mining
34:17 Chain Barding Armor
34:14 Hand Cart
35:58 Thumb Ring
37:42 Ballistics
39:11 Town Watch
40:14 Heavy Plow
44:38 Gold Mining
45:29 Stone Shaft Mining
46:40 Fortified Wall
51:17 Imperial Age
49:16 Nomads
50:39 Forging
Connection lost

Rejoining the realm…

Still unreachable

The connection could not be restored.

Session expired

The server has moved on; the page needs a fresh start.